 Dungeon Crawl Stone Soup version 0.20.0-15-g7f486f2 (webtiles) character file.

593 Omegatherion the Skirmisher (level 7, -1/44 HPs)
             Began as a Gargoyle Monk on June 28, 2017.
             Slain by a killer bee (4 damage)
             ... on level 8 of the Dungeon.
             The game lasted 00:06:06 (4039 turns).

Omegatherion the Skirmisher (Gargoyle Monk)         Turns: 4039, Time: 00:06:06

Health: -1/44      AC: 14    Str: 16    XL:     7   Next: 39%
Magic:  7/7        EV: 13    Int: 11    God:
Gold:   178        SH:  9    Dex: 17    Spells: 6/6 levels left

rFire    . . .     SeeInvis .   l - +2 whip (venom)
rCold    . . .     Gourm    .   C - +0 shield
rNeg     + . .     Faith    .   m - +0 scale mail
rPois    ∞         Spirit   .   (no helmet)
rElec    +         Reflect  .   v - +0 cloak (curse)
rCorr    .         Harm     .   D - +0 pair of gloves
MR       .....                  (no boots)
Stlth    ++........             (no amulet)
Regen    0.2/turn               (no ring)
MPRegen  0.1/turn               (no ring)

@: agile, flying
A: negative energy resistance 1, electricity resistance, unbreathing,
petrification resistance, rot immunity, AC +4
a: no special abilities


You were on level 8 of the Dungeon.
You were hungry.

You visited 1 branch of the dungeon, and saw 6 of its levels.

You collected 178 gold pieces.

Inventory:

Hand Weapons
 a - a +0 mace
 l - a +2 whip of venom (weapon)
Missiles
 p - 4 tomahawks (quivered)
 t - 3 tomahawks of returning
Armour
 b - a +0 robe
 m - a +0 scale mail (worn)
 q - a +0 chain mail
 v - a cursed +0 cloak (worn)
 C - a +0 shield (worn)
 D - a +0 pair of gloves (worn)
Jewellery
 A - an uncursed amulet of faith {unknown}
Wands
 y - a wand of scattershot (5/9)
 z - a wand of flame (26/48)
Scrolls
 d - 4 scrolls of remove curse {unknown}
 e - a scroll of fear {unknown}
 f - 5 scrolls of identify {unknown}
 h - 4 scrolls of enchant weapon {unknown}
 k - a scroll of enchant armour {unknown}
 r - a scroll of recharging {unknown}
 s - 2 scrolls of fog {unknown}
 w - 2 scrolls of teleportation {unknown}
Potions
 g - a potion of agility
 i - a potion of flight
 j - a potion of curing {unknown}
 o - a potion of ambrosia {unknown}
 u - 2 potions of haste {unknown}
 x - a potion of mutation {unknown}
 B - a potion of lignification {unknown}
Comestibles
 c - 5 bread rations
 n - a royal jelly


   Skills:
 + Level 5.5 Fighting
 + Level 4.9 Maces & Flails
 + Level 4.4 Armour
 - Level 2.5 Dodging
 - Level 2.1 Stealth
 + Level 2.8 Shields


You had 6 spell levels left.
You didn't know any spells.

Dungeon Overview and Level Annotations

Branches:
Dungeon (8/15)
 Temple: D:4-7         Lair: D:8-11

Altars:
Ashenzari
Fedhas
Hepliaklqana
Kikubaaqudgha
Nemelex Xobeh
Qazlal
Yredelemnul
Zin


Innate Abilities, Weirdness & Mutations

You are resistant to torment.
Your stone body is resilient. (AC +4)
You are immune to poison.
You resist negative energy. (rN+)
You are resistant to electric shocks. (rElec)
You can survive without breathing.
You are immune to petrification.
You are immune to rotting.


Message History

You block the killer bee's attack. The killer bee barely misses you.
The killer bee stings you but does no damage.
The killer bee stings you.
* * * LOW HITPOINT WARNING * * *
You barely miss the killer bee.
The killer bee is severely wounded.
The killer bee stings you but does no damage.
The killer bee completely misses you.
The killer bee stings you but does no damage. x2
You miss the killer bee.
The killer bee is severely wounded.
The killer bee stings you but does no damage. x2
The killer bee stings you.
* * * LOW HITPOINT WARNING * * *
You block the killer bee's attack.
It was a potion of agility.
You feel agile all of a sudden. The killer bee misses you.
You block the killer bee's attack. The killer bee stings you.
You die...

#§...§# ###.....# ##
...._.. .. # #.....
.# #. §... ##.###
##.###.###.....
#.#.......#.##y#
...........hy@.#
.#.......#a##.......
##.....##.# ##....#
##.......# .#.#
##....... # #
#.......#.#
#.......# #
#...<.... #.........


You could see a howler monkey, a worker ant and 2 killer bees.

Vanquished Creatures
  2 centaurs (D:5)
  A bullfrog (D:3)
  2 killer bees (D:8)
  2 howler monkeys (D:8)
  An orc priest (D:3)
  A human skeleton (D:4)
  An iguana (D:4)
  2 worker ants (D:5)
  An adder (D:3)
  2 oozes
  A worm (D:3)
  A dart slug (D:1)
  2 leopard geckos
  4 orcs
  5 ball pythons
  2 giant cockroaches
  8 goblins
  6 hobgoblins
  A quokka (D:4)
  8 bats
  2 frilled lizards
  A goblin skeleton (D:4)
  6 kobolds
  A kobold zombie (D:4)
  A leopard gecko skeleton (D:4)
  6 rats
70 creatures vanquished.

Vanquished Creatures (others)
  A plant (D:8)
1 creature vanquished.

Grand Total: 71 creatures vanquished

Notes
Turn   | Place    | Note
-------+----------+-------------------------------------------
     0 | D:1      | Omegatherion the Gargoyle Monk began the quest for the Orb.
     0 | D:1      | Reached XP level 1. HP: 14/14 MP: 1/1
    82 | D:1      | Reached XP level 2. HP: 19/19 MP: 2/2
   652 | D:1      | Reached skill level 1 in Armour
   800 | D:1      | Reached XP level 3. HP: 24/24 MP: 3/3
  1011 | D:2      | Reached skill level 4 in Fighting
  1816 | D:3      | Found a shattered altar of Ashenzari.
  1891 | D:3      | Noticed a bullfrog
  1904 | D:3      | Reached XP level 4. HP: 7/29 MP: 4/4
  1907 | D:3      | Killed a bullfrog
  1907 | D:3      | Reached XP level 5. HP: 6/34 MP: 5/5
  2280 | D:3      | Found a blossoming altar of Fedhas.
  2297 | D:3      | Found a sparkling altar of Nemelex Xobeh.
  2299 | D:3      | Found an ancient bone altar of Kikubaaqudgha.
  2986 | D:4      | Found a hazy altar of Hepliaklqana.
  3113 | D:4      | Noticed a human
  3114 | D:4      | Found a runed door.
  3435 | D:4      | Found a glowing silver altar of Zin.
  3506 | D:4      | Found a basalt altar of Yredelemnul.
  3674 | D:4      | Reached XP level 6. HP: 17/40 MP: 6/6
  3910 | D:5      | Entered Level 5 of the Dungeon
  3915 | D:5      | Reached skill level 1 in Shields
  3974 | D:5      | Reached skill level 5 in Fighting
  3980 | D:5      | Reached XP level 7. HP: 21/44 MP: 7/7
  4011 | D:5      | You fall through a shaft for 3 floors!
  4011 | D:8      | Found a stormy altar of Qazlal.
  4038 | D:8      | HP: 2/44 [killer bee (3)]
  4039 | D:8      | Slain by a killer bee

Skill      XL: |  1  2  3  4  5  6 |
---------------+-------------------+-----
Armour         | 1 2 3 4 |  4.4
Fighting       | 4 5 |  5.5
Maces & Flails | 4 |  4.9
Shields        | 2 |  2.8
Dodging        | |  2.5
Stealth        | |  2.1

Action                   |  1- 3 |  4- 6 |  7- 9 || total
-------------------------+-------+-------+-------++-------
Melee: Mace              |    74 |       |       ||    74
       Whip              |    27 |   112 |    20 ||   159
  Use: Potion            |       |       |     2 ||     2
 Stab: Sleeping          |     9 |       |       ||     9
  Eat: Chunk             |     3 |     6 |       ||     9
Armor: Robe              |    32 |       |       ||    32
       Scale mail        |    15 |    38 |    16 ||    69
Dodge: Dodged            |    66 |    42 |    15 ||   123
Block: Shield            |       |    15 |    17 ||    32
